 Dungeon Crawl Stone Soup version 0.26.1-2-gb8aa6d0cf2 (webtiles) character file.

Game seed: 17337976957652430953

3021 jlumianski the Chopper (level 9, -3/79 HPs)
             Began as a Palentonga Fighter on Feb 28, 2021.
             Was a Believer of Okawaru.
             Slain by a two-headed ogre
             ... wielding a +0 giant club
              (14 damage)
             ... on level 8 of the Dungeon.
             The game lasted 00:34:33 (7821 turns).

jlumianski the Chopper (Palentonga Fighter)         Turns: 7821, Time: 00:34:34

Health: -3/79      AC: 21    Str: 20    XL:     9   Next: 55%
Magic:  11/11      EV:  5    Int: 10    God:    Okawaru [**....]
Gold:   576        SH: 10    Dex: 11    Spells: 8/8 levels left

rFire    . . .     SeeInvis +   z - +0 broad axe (vamp)
rCold    . . .     Faith    .   c - +0 kite shield
rNeg     . . .     Spirit   .   L - +1 chain mail of the Pink Corner {rCorr Dex+2}
rPois    .         Reflect  .   m - +1 helmet
rElec    .         Harm     .   Q - +0 cloak
rCorr    +         Rampage  .   U - +0 pair of gloves
Will     +....                  (no barding)
Stlth    ..........             F - amulet of regeneration
HPRegen  0.63/turn              n - ring of willpower
MPRegen  0.12/turn              q - ring of stealth

@: curled up
A: large, rugged brown scales 3, see invisible, deformed body, weak 1,
MP-powered wands, roll 1, armoured tail, reflexive curl
a: Rolling Charge, Renounce Religion, Heroism


You were on level 8 of the Dungeon.
You worshipped Okawaru.
Okawaru was pleased with you.
You visited 2 branches of the dungeon, and saw 10 of its levels.

You collected 576 gold pieces.

Inventory:

Hand Weapons
 a - a +0 war axe
 u - a +0 vorpal long sword
 w - a +0 vorpal war axe
 z - a +0 vampiric broad axe (weapon)
 B - a +4 whip
 C - a +0 mace of protection
 D - a +2 vampiric spear
 P - the +10 whip "Regaumn" {freeze, Int+2}
   (You found it on level 7 of the Dungeon)

   It has been specially enchanted to freeze those struck by it, causing extra
   injury to most foes and up to half again as much damage against particularly
   susceptible opponents.
   It can also slow down cold-blooded creatures.
   It affects your intelligence (+2).
 R - the +8 mace of the Singing Weasel {elec, Will+ Str+2}
   (You found it on level 7 of the Dungeon)

   Occasionally, upon striking a foe, it can discharge electrical energy and
   cause terrible harm.
   It affects your strength (+2).
   It affects your willpower, your defense against some magical effects.
Missiles
 f - 250 stones
 j - 5 atropa-tipped darts
 A - 10 boomerangs (quivered)
 K - 14 poisoned darts
Armour
 b - a +0 scale mail
 c - a +0 kite shield (worn)
 m - a +1 helmet (worn)
 G - a +0 chain mail
 L - the +1 chain mail of the Pink Corner (worn) {rCorr Dex+2}
   (You found it on level 8 of the Dungeon)

   It affects your dexterity (+2).
   It provides partial protection from all sources of acid and corrosion.
 Q - a +0 cloak (worn)
 U - a +0 pair of gloves (worn)
Jewellery
 g - an uncursed ring of poison resistance
 n - a ring of willpower (left hand)
 q - a ring of stealth (right hand)
 r - a cursed amulet of inaccuracy
 F - an amulet of regeneration (around neck)
 H - an uncursed ring of ice
 M - an uncursed ring of protection from cold
Wands
 i - a wand of iceblast (17)
 p - a wand of acid (9)
 y - a wand of disintegration (14)
 I - a wand of flame (22)
 N - a wand of enslavement (11)
 T - a wand of polymorph (10)
Scrolls
 h - 2 scrolls of immolation
 o - 3 scrolls of remove curse
 s - a scroll of blinking
 v - a scroll of magic mapping
 x - 2 scrolls of teleportation
 J - a scroll of amnesia
Potions
 d - a potion of degeneration {unknown}
 e - 6 potions of heal wounds
 k - 3 potions of curing
 l - 2 potions of attraction
 t - 2 potions of mutation
 E - a potion of flight
 S - a potion of might


   Skills:
 + Level 5.1 Fighting
 + Level 7.7 Axes
 + Level 0.9(4.9) Maces & Flails
 + Level 5.6 Armour
 + Level 2.0 Dodging
 - Level 0.4 Stealth
 + Level 5.1 Shields
 * Level 3.5 Invocations
 * Level 3.3 Evocations


You had 8 spell levels left.
You didn't know any spells.
Your spell library contained the following spells:

 Spells                   Type           Power        Failure   Level
 Corona                   Hex            0%           100%        1
 Ensorcelled Hibernation  Hex/Ice        0%           100%        2
 Confusing Touch          Hex            0%           100%        3
 Dazzling Flash           Conj/Hex       0%           100%        3
 Tukima's Dance           Hex            0%           100%        3


Dungeon Overview and Level Annotations

Branches:
Dungeon (9/15)             Temple (1/1) D:5
   Lair: D:8-11         Orc: D:9-12

Altars:
Cheibriados
Elyvilon
Fedhas
Gozag
Kikubaaqudgha
Makhleb
Okawaru
Qazlal
Ru
Sif Muna
Uskayaw
Vehumet
Wu Jian

Annotations:
D:3 1 runed translucent door, ew1980's ghost, amateur TrFi


Innate Abilities, Weirdness & Mutations

You are completely covered in rugged brown scales. (AC +3, +7% HP)
You have supernaturally acute eyesight. (SInv)
Armour fits poorly on your strangely shaped body.
You can roll at nearby foes to attack.
You have a long armoured tail.
You curl defensively after being hit.
You are weak. (Str -2)
You expend magic power (3 MP) to strengthen your wands.


Message History

You block the two-headed ogre's attack.
You slash the two-headed ogre!
You feel better.
The two-headed ogre is heavily wounded.
The two-headed ogre hits you with a +0 giant club!!
You block the two-headed ogre's attack.
You slash the two-headed ogre!
You feel better.
You tail-slap the two-headed ogre, but do no damage.
The two-headed ogre is almost dead.
The two-headed ogre hits you with a +0 giant club.
The two-headed ogre hits you but does no damage.
You barely miss the two-headed ogre.
The two-headed ogre is severely wounded.
The two-headed ogre hits you with a +0 giant club!!
* * * LOW HITPOINT WARNING * * *
You block the two-headed ogre's attack.
You hit the two-headed ogre.
You feel better.
The two-headed ogre is severely wounded.
The two-headed ogre barely misses you.
The two-headed ogre hits you with a +0 giant club!
You die...

...# ...# ..# ...# ..#
.### ...# ..# ?.. ...#
#.# ..# ...# #.# ..#
.### #.# ..##.# .#
#O#####.....# .#
#@..)..# .########
######.# .....(..####
#.# ........'..# #.#
........##.# #.#
.........#.# #.#
.........#.# #.#
.........#.##########.#
....).................#


You could see a two-headed ogre.

Vanquished Creatures
  The ghost of MyelinatedAxon the Cutter, a novice HaFi (D:7)
  Menkaure (D:7)
  Duvessa (D:4)
  A water moccasin (D:8)
  An orc warrior (D:9)
  A sky beast (D:7)
  A phantom (D:5)
  3 ogres
  2 centaurs
  2 bullfrogs
  A scorpion (D:8)
  Dowan (D:4)
  5 killer bees
  4 wights (D:8)
  A bullfrog zombie (D:7)
  Crazy Yiuf (D:7)
  4 orc priests
  A centaur skeleton (D:4)
  5 hounds
  3 orc wizards
  3 iguanas
  6 worker ants
  2 killer bee zombies
  7 gnolls
  14 adders
  3 shadow imps
  2 white imps
  An ufetubus (D:8)
  An ooze (D:1)
  3 adder skeletons (D:6)
  5 worms
  A dart slug (D:2)
  3 leopard geckos
  25 orcs
  10 bats
  7 giant cockroaches
  6 goblins
  6 hobgoblins
  9 jackals
  5 kobolds
  8 quokkas
  A ball python (D:3)
  A frilled lizard (D:1)
  A jackal skeleton (D:5)
  A quokka skeleton (D:6)
  11 rats
182 creatures vanquished.

Vanquished Creatures (others)
  2 withered plants (D:3)
2 creatures vanquished.

Grand Total: 184 creatures vanquished

Notes
Turn   | Place    | Note
-------+----------+-------------------------------------------
     0 | D:1      | jlumianski the Palentonga Fighter began the quest for the
                  | Orb.
     0 | D:1      | Reached XP level 1. HP: 20/20 MP: 1/1
   335 | D:1      | Reached XP level 2. HP: 27/27 MP: 2/2
   691 | D:2      | Reached XP level 3. HP: 33/33 MP: 3/3
  1272 | D:2      | Reached XP level 4. HP: 36/40 MP: 4/4
  1444 | D:2      | Reached skill level 3 in Axes
  2059 | D:3      | Found a runed translucent door.
  2059 | D:3      | Noticed ew1980's ghost (amateur TrFi)
  2383 | D:3      | Found a blossoming altar of Fedhas.
  2651 | D:4      | Noticed Duvessa
  2658 | D:4      | Noticed Dowan
  2661 | D:4      | Reached XP level 5. HP: 41/48 MP: 5/5
  2664 | D:4      | Killed Dowan
  2667 | D:4      | Killed Duvessa
  2668 | D:4      | Reached skill level 1 in Dodging
  2668 | D:4      | Reached XP level 6. HP: 36/55 MP: 6/6
  2913 | D:5      | Entered Level 5 of the Dungeon
  3020 | D:4      | Reached skill level 4 in Axes
  3983 | D:5      | Reached skill level 5 in Axes
  3983 | D:5      | Gained mutation: You curl defensively after being hit.
                  | [Palentonga growth]
  3983 | D:5      | Reached XP level 7. HP: 52/62 MP: 7/7
  4533 | D:5      | Found a staircase to the Ecumenical Temple.
  4543 | Temple   | Entered the Ecumenical Temple
  4588 | Temple   | Became a worshipper of Warmaster Okawaru
  4852 | D:6      | Gained mutation: You are weak. (Str -2) [potion of
                  | mutation]
  4852 | D:6      | Gained mutation: You expend magic power (3 MP) to
                  | strengthen your wands. [potion of mutation]
  4931 | D:6      | Reached skill level 6 in Axes
  5124 | D:7      | Noticed MyelinatedAxon's ghost (novice HaFi)
  5125 | D:7      | Found a runed translucent gate.
  5125 | D:7      | Found a runed translucent gate.
  5125 | D:7      | Found a runed translucent gate.
  5236 | D:7      | Found a burning altar of Makhleb.
  5445 | D:7      | Reached XP level 8. HP: 51/71 MP: 8/8
  5507 | D:7      | Reached * piety under Okawaru
  5522 | D:6      | Reached skill level 1 in Evocations
  5698 | D:7      | Noticed Menkaure
  5708 | D:7      | Killed Menkaure
  5709 | D:7      | Reached skill level 1 in Invocations
  5902 | D:8      | Got a shimmering chain mail
  5903 | D:8      | Identified the +1 chain mail of the Pink Corner {rCorr
                  | Dex+2} (You found it on level 8 of the Dungeon)
  6038 | D:7      | Found an opulent altar of Gozag.
  6277 | D:7      | Killed MyelinatedAxon's ghost
  6277 | D:7      | Reached ** piety under Okawaru
  6278 | D:7      | Reached skill level 7 in Axes
  6278 | D:7      | Reached skill level 5 in Armour
  6279 | D:7      | Reached XP level 9. HP: 54/78 MP: 6/10
  6521 | D:7      | Got a bloodstained whip
  6522 | D:7      | Identified the +10 whip "Regaumn" {freeze, Int+2} (You
                  | found it on level 7 of the Dungeon)
  6614 | D:7      | Found a snail-covered altar of Cheibriados.
  6835 | D:7      | Found a runed translucent door.
  6836 | D:7      | Noticed Crazy Yiuf
  6842 | D:7      | Killed Crazy Yiuf
  6854 | D:7      | Got a dazzling mace
  6855 | D:7      | Identified the +8 mace of the Singing Weasel {elec, Will+
                  | Str+2} (You found it on level 7 of the Dungeon)
  7475 | D:8      | Identified a scroll of acquirement
  7475 | D:8      | Acquired a +0 vampiric broad axe
  7520 | D:8      | Reached skill level 5 in Fighting
  7609 | D:8      | Reached skill level 5 in Shields
  7733 | D:9      | Found Rade's Distillery.
  7812 | D:8      | Noticed a two-headed ogre
  7821 | D:8      | Slain by a two-headed ogre

Illustrated notes

Levels and vault maps discovered:
D:1:      lemuel_arrival_tunnels, layout_basic
D:2:      layout_rooms, minmay_tall_x
D:3:      layout_loops_ring, fedhas_altar_fruit_tree, gammafunk_ghost_grave
D:4:      layout_loops_cross, kennysheep_generic_room_11, uniq_duvessa
D:5:      layout_basic, minmay_temple_entry_poolview, supply_closet_lemuel
D:6:      layout_rooms, eino_curves_03
D:7:      layout_cave_pods, lightli_temple_of_fire, slow_altar_2,
          nicolae_overflow_crystal_walls, gammafunk_ghost_split,
          uniq_crazy_yiuf_cottage, uniq_menkaure
D:8:      kennysheep_six_static_rooms, layout_basic
D:9:      minmay_imperfect_grid, layout_rooms, serial_shops, shop_statue
Temple:   regret_index_temple_mists

Skill      XL: |  1  2  3  4  5  6  7  8  9 |
---------------+----------------------------+-----
Armour         | 3 4 5 |  5.6
Axes           | 3 5 6 7 |  7.7
Shields        | 3 4 5 |  5.1
Dodging        | 1 2 |  2.0
Fighting       | 4 5 |  5.1
Evocations     | 2 3 |  3.3
Invocations    | 2 3 |  3.5
Maces & Flails | |  0.9
Stealth        | |  0.4

Action                   |  1- 3 |  4- 6 |  7- 9 || total
-------------------------+-------+-------+-------++-------
Melee: War axe           |   100 |   170 |   214 ||   484
       Tailslap          |     8 |    21 |    45 ||    74
       Broad axe         |       |       |    83 ||    83
       Mace              |       |       |    40 ||    40
Throw: Dart              |       |     1 |     1 ||     2
       Boomerang         |       |       |     1 ||     1
Invok: Heroism           |       |       |     4 ||     4
 Abil: Rolling Charge    |    14 |    21 |    40 ||    75
Evoke: Wand              |       |       |     2 ||     2
  Use: Potion            |     1 |     1 |    10 ||    12
       Scroll            |       |    10 |    12 ||    22
Armor: Scale mail        |    67 |    99 |       ||   166
       Chain mail        |       |       |   243 ||   243
Dodge: Dodged            |    25 |    35 |    82 ||   142
Block: Kite shield       |    58 |    80 |   210 ||   348
